 Dungeon Crawl Stone Soup version 0.25-a0-424-g80bd347ae0 (webtiles) character file.

Game seed: 11684001541910030723, levelgen mode: deterministic

1425 Kohma the Fighter (level 8, 0/86 HPs)
             Began as a Naga Venom Mage on Jan 23, 2020.
             Slain by a phantom (8 damage)
             ... on level 6 of the Dungeon.
             The game lasted 00:19:00 (7082 turns).

Kohma the Fighter (Naga Venom Mage)                 Turns: 7082, Time: 00:19:00

Health: 0/86       AC:  6    Str: 10    XL:     8   Next: 72%
Magic:  14/14      EV: 10    Int: 18    God:
Gold:   310        SH:  0    Dex: 12    Spells: 12/15 levels left

rFire    . . .     SeeInvis +   v - +2 dagger (venom)
rCold    . . .     Gourm    .   (no shield)
rNeg     . . .     Faith    .   a - +0 robe
rPois    +         Spirit   .   r - +0 helmet
rElec    .         Reflect  .   m - +0 cloak
rCorr    .         Harm     .   (no gloves)
MR       +....                  (no barding)
Stlth    ++........             (no amulet)
HPRegen  0.24/turn              (no ring)
MPRegen  0.14/turn              (no ring)

@: about to teleport, very slow
A: large, see invisible, deformed body, poison resistance, slowness 2, slow
metabolism 1, spit poison 1, AC +2
a: Spit Poison


You were on level 6 of the Dungeon.
You were not hungry.

You visited 2 branches of the dungeon, and saw 7 of its levels.

You collected 310 gold pieces.

Inventory:

Hand Weapons
 k - a +4 mace
 n - a +1 mace of protection
 t - a +2 dagger of holy wrath
 v - a +2 dagger of venom (weapon)
Missiles
 y - a throwing net (quivered)
 B - 16 poisoned darts
Armour
 a - a +0 robe (worn)
 e - a +0 buckler
 m - a +0 cloak (worn)
 r - a +0 helmet (worn)
Wands
 j - a wand of acid (10)
 l - a wand of random effects (32)
 s - a wand of flame (16)
 z - a wand of digging (7)
Scrolls
 d - 3 scrolls of teleportation
 h - a scroll of enchant armour {unknown}
 o - 2 scrolls of noise {unknown}
 q - 3 scrolls of blinking {unknown}
 u - a scroll of remove curse {unknown}
 w - 3 scrolls of fog {unknown}
 A - 4 scrolls of identify
 C - a scroll of magic mapping
Potions
 b - a potion of haste {unknown}
 f - a potion of heal wounds {unknown}
 p - 2 potions of curing
 x - 3 potions of lignification
Comestibles
 c - 10 rations
 D - 2 chunks of flesh


   Skills:
 - Level 10.0 Fighting
 - Level 5.5 Armour
 - Level 1.5 Dodging
 - Level 3.0 Stealth
 + Level 1.7 Shields
 - Level 4.0 Spellcasting
 - Level 1.0 Transmutations
 - Level 3.0 Air Magic
 * Level 7.9 Poison Magic


You had 12 spell levels left.
You knew the following spells:

 Your Spells              Type           Power        Failure   Level  Hunger
a - Sting                 Tmut/Pois      ###.         2%          1    None
b - Poisonous Vapours     Pois/Air       ###...       2%          2    ##.....

Your spell library contained the following spells:

 Spells                   Type           Power        Failure   Level  Hunger
 Olgreb's Toxic Radiance  Pois           ####....     5%          4    ####...
 Mephitic Cloud           Conj/Pois/Air  ###.....     10%         3    ###....
 Ignite Poison            Fire/Tmut/Pois ##......     13%         3    ###....


Dungeon Overview and Level Annotations

Branches:
Dungeon (6/15)             Temple (1/1) D:5

Altars:
Dithmenos
Elyvilon
Gozag
Hepliaklqana
Nemelex Xobeh
Qazlal
Ru
Sif Muna
Trog
Uskayaw
Vehumet
Wu Jian
Xom
Yredelemnul
Zin

Annotations:
D:3 2 transporters
D:5 3 runed translucent doors, astraldaughter's ghost, novice TrCj


Innate Abilities, Weirdness & Mutations

You cannot wear boots.
Your serpentine skin is tough. (AC +2)
You have supernaturally acute eyesight. (SInv)
Armour fits poorly on your strangely shaped body.
Your system is resistant to poisons. (rPois)
You cover ground very slowly.
You have a slow metabolism.
You can spit poison.


Message History

The phantom is almost destroyed.
The phantom hits you!
* * * LOW HITPOINT WARNING * * *
The phantom blinks!
The phantom hits you.
* * * LOW HITPOINT WARNING * * *
The phantom blinks!
The phantom blinks!
You closely miss the phantom.
The phantom is severely damaged.
The phantom hits you!
* * * LOW HITPOINT WARNING * * *
You barely miss the phantom.
The phantom is severely damaged.
The phantom barely misses you.
It was a potion of cancellation.
You feel magically purged. The phantom barely misses you.
As you read the scroll of teleportation, it crumbles to dust.
You feel strangely unstable. The phantom hits you!
You die...

*#############
**............###
#.......W@......#
#..########.###.####
******##..## #.....#
#....#######
,,,,,,,....#
#.###.###.##...<....
,***#,*#...# *,*
#..>..#########.
*.###.##...###.#
###.### #.
,.............=# #.#
#. *,***,*#...#****
#.# #. ,**
*,*#...#########.#
#.


You could see a phantom.

Vanquished Creatures
  Edmund (D:6)
  A water moccasin (D:5)
  A sky beast (D:6)
  An ice beast (D:5)
  2 ogres
  A scorpion (D:4)
  2 crimson imps (D:5)
  2 hounds
  A bullfrog skeleton (D:5)
  A bullfrog zombie (D:5)
  A jelly (D:5)
  Crazy Yiuf (D:2)
  Ijyb (D:3)
  Jessica (D:2)
  An iguana (D:2)
  An orc wizard (D:4)
  2 worker ants
  Robin (D:2)
  A worker ant zombie (D:5)
  4 gnolls (D:5)
  5 adders
  A shadow imp (D:6)
  An ooze (D:1)
  An adder skeleton (D:4)
  A worm (D:2)
  A dart slug (D:1)
  2 leopard geckos
  8 orcs
  7 bats
  5 giant cockroaches
  8 hobgoblins
  8 jackals
  3 kobolds
  5 quokkas
  5 frilled lizards
  15 goblins
  A leopard gecko zombie (D:5)
  7 rats
111 creatures vanquished.

Notes
Turn   | Place    | Note
-------+----------+-------------------------------------------
     0 | D:1      | Kohma the Naga Venom Mage began the quest for the Orb.
     0 | D:1      | Reached XP level 1. HP: 15/15 MP: 3/3
   121 | D:1      | Reached XP level 2. HP: 18/24 MP: 1/5
   125 | D:1      | Learned a level 2 spell: Poisonous Vapours
   859 | D:1      | Reached XP level 3. HP: 30/30 MP: 4/6
   960 | D:2      | Reached skill level 1 in Fighting
   997 | D:2      | Found a runed translucent door.
   998 | D:2      | Noticed Crazy Yiuf
  1008 | D:2      | Killed Crazy Yiuf
  1008 | D:2      | Reached skill level 5 in Poison Magic
  1288 | D:2      | Found an ornate altar of the Wu Jian Council.
  1316 | D:2      | Reached XP level 4. HP: 38/38 MP: 0/8
  1731 | D:2      | Noticed Robin
  1732 | D:2      | Noticed Jessica
  1744 | D:2      | Killed Robin
  1744 | D:2      | Reached XP level 5. HP: 43/45 MP: 0/9
  1805 | D:2      | Killed Jessica
  2059 | D:2      | Found a white marble altar of Elyvilon.
  2467 | D:3      | Found a faded altar of an unknown god.
  2535 | D:3      | Reached skill level 2 in Fighting
  2561 | D:3      | Found a hide-covered altar of Uskayaw.
  2563 | D:3      | Noticed an ogre
  2565 | D:3      | Noticed a hippogriff
  2599 | D:3      | Found a transporter.
  2603 | D:3      | Found a transporter.
  2677 | D:3      | Noticed Ijyb
  2690 | D:3      | Killed Ijyb
  3316 | D:4      | Reached skill level 9 in Fighting
  3316 | D:4      | Reached skill level 5 in Armour
  3316 | D:4      | Reached XP level 6. HP: 72/72 MP: 11/11
  3358 | D:4      | Reached XP level 7. HP: 42/78 MP: 1/12
  3812 | D:4      | Reached skill level 1 in Air Magic
  4588 | D:5      | Entered Level 5 of the Dungeon
  4598 | D:5      | Reached skill level 10 in Fighting
  4656 | D:5      | Found a staircase to the Ecumenical Temple.
  4665 | Temple   | Entered the Ecumenical Temple
  5010 | D:5      | Found an opulent altar of Gozag.
  5338 | D:5      | Reached XP level 8. HP: 80/86 MP: 3/14
  5367 | D:5      | Reached skill level 1 in Shields
  6215 | D:5      | Found a runed translucent gate.
  6215 | D:5      | Found a runed translucent gate.
  6216 | D:5      | Noticed astraldaughter's ghost (novice TrCj)
  6217 | D:5      | Found a runed translucent gate.
  6218 | D:5      | Identified the +5 dagger of the Valley {chaos, rC+ rN+
                  | Str+4 Stlth+}
  6887 | D:6      | Found a sparkling altar of Nemelex Xobeh.
  7008 | D:6      | Noticed Edmund
  7030 | D:6      | Killed Edmund
  7082 | D:6      | Slain by a phantom

Levels and vault maps discovered:
D:1:      grunt_arrival_crossed_arrows, layout_basic
D:2:      layout_basic, old_standard_altar, overflow_temple_1_default,
          feat_on_display, uniq_robin, uniq_crazy_yiuf_cottage, uniq_jessica
D:3:      layout_loops_ring, gammafunk_temple_overflow_arena,
          chequers_ecumenical_altar_grove, kennysheep_path_1,
          corexii_leaking_fountain, uniq_ijyb
D:4:      layout_layer_cave
D:5:      layout_basic, nicolae_gozag_cash_rules_everything_around_me,
          minmay_temple_entry_statues_pillars, first_ration,
          gammafunk_ghost_nasty_kobolds, chequers_serial_rivers_micro_e
D:6:      layout_loops_ring, slow_altar_2, lemuel_crystal_altar, uniq_edmund
Temple:   jpeg_temple_alley_garden

Skill      XL: |  1  2  3  4  5  6  7  8 |
---------------+-------------------------+-----
Fighting       | 1 9 10 | 10.0
Poison Magic   | 5 6 7 |  7.9
Spellcasting   | 3 4 |  4.0
Armour         | 5 |  5.5
Air Magic      | 2 3 |  3.0
Shields        | 1 |  1.7
Dodging        | |  1.5
Stealth        | |  3.0
Transmutations | |  1.0

Action                   |  1- 3 |  4- 6 |  7- 9 || total
-------------------------+-------+-------+-------++-------
Melee: Unarmed           |    16 |       |       ||    16
       Club              |     5 |       |       ||     5
       Mace              |     3 |       |       ||     3
       Dagger            |       |    62 |   145 ||   207
 Cast: Sting             |    36 |    38 |   111 ||   185
       Poisonous Vapours |     4 |    18 |    12 ||    34
 Abil: Spit Poison       |     1 |     1 |       ||     2
  Use: Scroll            |       |     8 |     3 ||    11
       Potion            |       |     1 |     2 ||     3
 Stab: Sleeping          |       |       |     2 ||     2
  Eat: Chunk             |     1 |     5 |    11 ||    17
Armor: Robe              |     6 |    25 |    82 ||   113
Dodge: Dodged            |    21 |    41 |   117 ||   179

Table legend:
 A = Non-vault XP
 B = Vault XP
 C = Vault XP percentage of total XP
 D = Non-vault monster count
 E = Vault monster count
 F = Vault count percentage of total count
                 A         B        C        D         E       F
            +---------+---------+-------+---------+---------+-------
      Total |    1456 |     307 |  17.4 |      95 |      16 |  14.4
            +---------+---------+-------+---------+---------+-------
        D:1 |      34 |       0 |   0.0 |      16 |       0 |   0.0
        D:2 |      84 |     115 |  57.8 |      22 |      14 |  38.9
        D:3 |      23 |      38 |  62.3 |       7 |       1 |  12.5
        D:4 |     288 |       0 |   0.0 |      11 |       0 |   0.0
        D:5 |     817 |       0 |   0.0 |      30 |       0 |   0.0
        D:6 |     210 |     154 |  42.3 |       9 |       1 |  10.0
            +---------+---------+-------+---------+---------+-------
